 Dungeon Crawl Stone Soup version 0.27-a0-972-gd1521fd518 (webtiles) character file.

Game seed: 1122120181827342294

8 Alarkh the Insei (level 2, 17/21 HPs)
             Began as a Demonspawn Transmuter on Apr 13, 2021.
             Got out of the dungeon alive.
             The game lasted 00:00:20 (478 turns).

Alarkh the Insei (Demonspawn Transmuter)             Turns: 478, Time: 00:00:21

Health: 17/21      AC:  2    Str: 10    XL:     2   Next: 0%
Magic:  5/5        EV: 12    Int: 14    God:
Gold:   5          SH:  0    Dex: 13    Spells: 4/5 levels left

rFire    . . .     SeeInvis .     - Unarmed
rCold    . . .     Faith    .   (no shield)
rNeg     . . .     Spirit   .   a - +0 robe
rPois    .         Reflect  .   (no helmet)
rElec    .         Harm     .   (no cloak)
rCorr    .         Rampage  .   (no gloves)
Will     .....                  (no boots)
Stlth    +.........             (no amulet)
HPRegen  0.07/turn              (no ring)
MPRegen  0.09/turn              (no ring)

@: no status effects
A: talons 1
a: no special abilities


You escaped.
You visited 1 branch of the dungeon, and saw 1 of its levels.

You collected 5 gold pieces.

Inventory:

Armour
 a - a +0 robe (worn)
Potions
 b - a potion of cancellation {unknown}
 c - a potion of brilliance {unknown}
 d - a potion of resistance {unknown}


   Skills:
 + Level 1.2 Fighting
 - Level 1.7 Dodging
 * Level 2.9 Unarmed Combat
 + Level 2.1 Spellcasting
 + Level 1.9 Transmutations


You had 4 spell levels left.
You knew the following spells:

 Your Spells              Type           Power      Damage    Failure   Level
a - Beastly Appendage     Tmut           14%        N/A       11%         1

Your spell library contained the following spells:

 Spells                   Type           Power      Damage    Failure   Level
 Wereblood                Tmut           7%         N/A       16%         2
 Spider Form              Tmut/Pois      2%         N/A       43%         3
 Ice Form                 Ice/Tmut       4%         N/A       83%         4
 Hydra Form               Tmut           3%         N/A       96%         5


Dungeon Overview and Level Annotations

Branches:
Dungeon (1/15)

Altars:


Innate Abilities, Weirdness & Mutations

You have sharp toenails.


Message History

No target in view!
No target in view!
Your transformation is almost over.
Your horns disappear.
Your talons disappear.
You open the door.
A kobold comes into view. It is wielding a +0 whip.
A kobold is nearby!
A kobold is nearby!
A kobold is nearby!
Casting: Beastly Appendage (safe; 11% risk of failure)
Confirm with . or Enter, or press ? or * to list all spells.
You grow a pair of large bovine horns.
Your feet morph into talons.
Unknown command.
There is an open door here.
Your transformation is almost over.
The kobold shouts!
Found a war axe.
You miss the kobold. The kobold hits you but does no damage.
You barely miss the kobold. Your kick misses the kobold.
The kobold hits you with a +0 whip.
You hit the kobold.
The kobold is severely wounded.
The kobold barely misses you.
You hit the kobold.
You kill the kobold!
You have reached level 2!
Your demonic ancestry asserts itself...
Your mutations feel more permanent.
Your horns disappear.
Your talons shrink.
Things that are here:
a +0 whip; a kobold corpse You open the door.
There is an open door here.
There is an open door here.
You open the door.
There is an open door here.
There is an open door here.
There is a staircase leading out of the dungeon here.
Are you sure you want to leave the Dungeon?
This will make you lose the game!
You have escaped!

...# #.# #.#......#.#........
.#.# #.## #.#.######.####.....
.#.####..#####.#'# #.# #......
.#.#...........#.# #.# #......
.#.#.###.#######+# #.# #......
.....# #..# #.# #.# #......
.....# ##.# ##'## #.# #.#####
#....# #.#####...#####.# #.#
.....# #.'.'.'.@.'.+.'.# #.#
#....# #.#####...#####.# #.#
#....# #.. ###'##.....# #.#
###............#.#..##### #.#
#.........##.#'#.## #.# ##
#..........#.#.#.# #.# ..
#........#.#.#'#.########'###..
#........#.#.....##............
#.......^#....#####............


There were no monsters in sight!

Vanquished Creatures
  A goblin (D:1)
  2 hobgoblins (D:1)
  A ball python (D:1)
  A frilled lizard (D:1)
  4 kobolds (D:1)
9 creatures vanquished.

Notes
Turn   | Place    | Note
-------+----------+-------------------------------------------
     0 | D:1      | Alarkh the Demonspawn Transmuter began the quest for the
                  | Orb.
     0 | D:1      | Reached XP level 1. HP: 15/15 MP: 3/3
   415 | D:1      | Mutation became permanent: You have sharp toenails.
                  | [demonic ancestry]
   415 | D:1      | Gained mutation: You have razor-sharp toenails. [demonic
                  | ancestry]
   415 | D:1      | Reached XP level 2. HP: 13/21 MP: 3/5
   478 | D:$      | Got out of the dungeon alive.

Illustrated notes

Levels and vault maps discovered:
D:1:      minmay_arrival_doors, layout_basic

Action                   || total
-------------------------++-------
Melee: Unarmed           ||    22
       Kick              ||     3
 Cast: Beastly Appendage ||     8
Armor: Robe              ||     3
Dodge: Dodged            ||    12

Table legend: (Time is in decaauts)
 A = Elapsed time spent in this place.
 B = Non-inter-level travel time spent in this place.
 C = Inter-level travel time spent in this place.
 D = Time resting spent in this place.
 E = Time spent auto-exploring this place.
 F = Levels seen in this place.
 G = Mean time per level.
                   A        B        C        D        E       F      G
               +--------+--------+--------+--------+--------+-----+--------+
         Total |    476 |    451 |     25 |      0 |    385 |   1 |  476.0 |
       Dungeon |    476 |    451 |     25 |      0 |    385 |   1 |  476.0 |
               +--------+--------+--------+--------+--------+-----+--------+

Top non-repeatable levels by time:
     D:1: 476 daAuts
